 Dungeon Crawl Stone Soup version 0.29.0-4-gdea44cf6ec (webtiles) character file.

Game seed: 1404104784947323027

35 qw the Vexing (level 3, -3/35 HPs)
             Began as an Ogre Enchanter on Sept 4, 2022.
             Slain by Natasha (4 damage)
             ... on level 2 of the Dungeon.
             The game lasted 00:00:52 (2492 turns).

qw the Vexing (Ogre Enchanter)                      Turns: 2492, Time: 00:00:52

Health: -3/35      AC:  3    Str: 14    XL:     3   Next: 35%
Magic:  6/6        EV:  9    Int: 16    God:
Gold:   20         SH:  0    Dex:  9    Spells: 6/6 levels left

rFire   + . .      SeeInvis .   Y - +1 rapier
rCold   + . .      Faith    .   (no shield)
rNeg    . . .      Spirit   .   b - +0 robe
rPois   +          Reflect  .   (helmet restricted)
rElec   +          Harm     .   (no cloak)
rCorr   +          Rampage  .   (gloves unavailable)
Will    .....                   (boots unavailable)
Stlth   ++........              (no amulet)
HPRegen 0.11/turn               (no ring)
MPRegen 0.10/turn               (no ring)

@: resistant, slowed, very slow
A: large, unfitting armour, tough skin 1
a: no special abilities


You were on level 2 of the Dungeon.
You visited 1 branch of the dungeon, and saw 2 of its levels.

You collected 20 gold pieces.


Innate Abilities, Weirdness & Mutations

You are too large for most types of armour.
You have tough skin. (AC +1)


   Skills:
 - Level 2.2 Fighting
 - Level 0.8 Short Blades
 + Level 2.1 Axes
 - Level 1.7 Dodging
 - Level 2.1 Stealth
 - Level 2.4 Spellcasting
 - Level 2.6 Hexes


You had 6 spell levels left.
You didn't know any spells.
Your spell library contained the following spells:

 Spells                   Type           Power      Damage    Failure   Level
 Ensorcelled Hibernation  Hex/Ice        12%        N/A       17%         2
 Confusing Touch          Hex            10%        N/A       21%         3
 Tukima's Dance           Hex            10%        N/A       21%         3
 Dazzling Flash           Conj/Hex       12%        N/A       34%         3

Inventory:

Hand Weapons
 Y - a +1 rapier (weapon)
Armour
 b - a +0 robe (worn)
Potions
 a - a potion of haste {unknown}
 g - a potion of resistance

Dungeon Overview and Level Annotations

Branches:
Dungeon (2/15)

Altars:

Annotations:
D:2 Natasha


Message History

The jackal barely misses you. The adder bites you.
The jackal bites you but does no damage.
Natasha closely misses you. The adder barely misses you.
The jackal barely misses you.
You barely miss the jackal.
The jackal is severely wounded.
The adder bites you but does no damage. The jackal barely misses you.
Natasha closely misses you. The adder barely misses you.
The jackal barely misses you. Natasha barely misses you.
You closely miss the jackal.
The jackal is severely wounded.
The jackal bites you. The adder barely misses you. Natasha claws you.
The jackal closely misses you. The adder bites you but does no damage.
A rat comes into view.
Natasha casts a spell.
You closely miss the jackal.
The jackal is severely wounded.
The jackal bites you. The adder bites you but does no damage.
The jackal barely misses you. The adder barely misses you.
Natasha claws you but does no damage. The jackal barely misses you.
You hit the jackal.
The jackal is almost dead.
The adder bites you but does no damage. The jackal closely misses you.
Natasha casts a spell.
The adder closely misses you.
The jackal bites you but does no damage.
A hobgoblin comes into view.
Natasha casts a spell.
The adder bites you.
You barely miss the jackal.
The jackal is almost dead.
The jackal bites you but does no damage.
The adder closely misses you.
The crimson imp sputters.
Natasha casts a spell at you. The magic dart hits you!
The jackal bites you but does no damage.
The white imp hits you. The white imp freezes you. You resist.
The adder bites you but does no damage. Natasha claws you.
You die...

...# #... ###.
...########....
#.............
#..........#
#.....h..#...
#...5@S5.....
##.######.....h5.###g
#......<......#......
#...##...###.........
( #..### #.r######.
#..# ##.# ...# #..
..## #..# ### ..#


You could see Natasha, a crimson imp (summoned), an adder, 2 white imps, a
jackal, a hobgoblin (wandering) and a rat.

Vanquished Creatures
  A gnoll (D:1)
  A dart slug (D:1)
  A bat (D:1)
  2 endoplasms (D:1)
  A giant cockroach (D:1)
  A goblin (D:1)
  3 hobgoblins (D:1)
  A jackal (D:2)
  A quokka (D:1)
  A ball python (D:1)
  6 frilled lizards (D:1)
  A kobold (D:1)
  5 rats (D:1)
25 creatures vanquished.

Notes
Turn   | Place    | Note
-------+----------+-------------------------------------------
     0 | D:1      | qw the Ogre Enchanter began the quest for the Orb.
     0 | D:1      | Reached XP level 1. HP: 16/16 MP: 3/3
     0 | D:1      | 0 ||| qw: Version: 0.1-a-103-gd6f5d3a
     0 | D:1      | 0 ||| qw: Game counter: 5537
     0 | D:1      | 0 ||| qw: Always use a shield: true
     0 | D:1      | 0 ||| qw: God list: Okawaru
     0 | D:1      | 0 ||| qw: Allow faded altars: false
     0 | D:1      | 0 ||| qw: Do Orc after D:15 true
     0 | D:1      | 0 ||| qw: Do second Lair branch before Depths: true
     0 | D:1      | 0 ||| qw: Lair rune preference: random
     0 | D:1      | 0 ||| qw: Plans: Normal
     0 | D:1      | 0 ||| PLANNING D:1-11
    38 | D:1      | HP: 4/16 [frozen (3)]
   318 | D:1      | Reached skill level 1 in Axes
   332 | D:1      | 332 ||| Stepping ~*~*~tactically~*~*~ (outnumbered).
   333 | D:1      | 333 ||| Stepping ~*~*~tactically~*~*~ (outnumbered).
   335 | D:1      | 335 ||| Stepping ~*~*~tactically~*~*~ (outnumbered).
   336 | D:1      | 336 ||| Stepping ~*~*~tactically~*~*~ (outnumbered).
   337 | D:1      | 337 ||| Stepping ~*~*~tactically~*~*~ (outnumbered).
   338 | D:1      | 338 ||| Stepping ~*~*~tactically~*~*~ (outnumbered).
   342 | D:1      | Reached skill level 1 in Fighting
   350 | D:1      | Reached XP level 2. HP: 14/27 MP: 5/5
   395 | D:1      | 395 ||| Stepping ~*~*~tactically~*~*~ (stealth).
   399 | D:1      | 399 ||| Stepping ~*~*~tactically~*~*~ (stealth).
   464 | D:1      | 464 ||| Stepping ~*~*~tactically~*~*~ (stealth).
   472 | D:1      | 472 ||| Stepping ~*~*~tactically~*~*~ (stealth).
   527 | D:1      | 527 ||| Stepping ~*~*~tactically~*~*~ (stealth).
   529 | D:1      | 529 ||| Stepping ~*~*~tactically~*~*~ (stealth).
   530 | D:1      | 530 ||| Stepping ~*~*~tactically~*~*~ (stealth).
   549 | D:1      | 549 ||| SWAPPING to +0 club.
   550 | D:1      | 550 ||| DROPPING +1 dagger.
   582 | D:1      | 582 ||| SWAPPING to +0 rapier.
   583 | D:1      | 583 ||| DROPPING +0 club.
   599 | D:1      | 599 ||| Stepping ~*~*~tactically~*~*~ (stealth).
   601 | D:1      | 601 ||| Stepping ~*~*~tactically~*~*~ (stealth).
  1052 | D:1      | 1052 ||| Stepping ~*~*~tactically~*~*~ (stealth).
  1053 | D:1      | 1053 ||| Stepping ~*~*~tactically~*~*~ (stealth).
  1207 | D:1      | 1207 ||| Stepping ~*~*~tactically~*~*~ (hiding).
  1309 | D:1      | 1309 ||| Stepping ~*~*~tactically~*~*~ (hiding).
  1412 | D:1      | 1412 ||| Stepping ~*~*~tactically~*~*~ (hiding).
  1419 | D:1      | HP: 2/27 [gnoll/+0 spear (7)]
  1422 | D:1      | Reached XP level 3. HP: 3/35 MP: 6/6
  2441 | D:1      | 2441 ||| DROPPING amulet of faith.
  2442 | D:1      | 2442 ||| READING scroll labelled ITUXASANKE WEDACI.
  2443 | D:1      | 2443 ||| READING scroll labelled EDDAATWIDY.
  2444 | D:1      | 2444 ||| READING scroll labelled XIGABRAMIC.
  2445 | D:1      | 2445 ||| DRINKING 2 viscous ruby potions.
  2446 | D:1      | 2446 ||| DROPPING 2 potions of invisibility.
  2480 | D:2      | Noticed Natasha
  2492 | D:2      | HP: 4/35 [Natasha/magic dart (7)]
  2492 | D:2      | HP: 1/35 [white imp[Natasha] (1)]
  2492 | D:2      | Slain by Natasha

Levels and vault maps discovered:
D:1:      roderic_crossed_star, layout_basic,
          nicolae_concentric_dashed_squares_mild, minmay_lizard_pond
D:2:      layout_rooms, basic_altar, shapermc_ecumenical_altar_acropolis,
          minmay_fountain_box, minmay_misc_feat_columns, uniq_natasha

Skill      XL: |  1  2 |
---------------+-------+-----
Axes           | 1 2 |  2.1
Fighting       | 1 2 |  2.2
Short Blades   | |  0.8
Dodging        | |  1.7
Stealth        | |  2.1
Spellcasting   | |  2.4
Hexes          | |  2.6

Action                   || total
-------------------------++-------
Melee: Dagger            ||    46
       Rapier            ||   107
       Punch             ||     1
  Use: Scroll            ||     3
       Potion            ||     1
Armor: Robe              ||    50
Dodge: Dodged            ||    90

Table legend:
 A = Non-vault XP
 B = Vault XP
 C = Vault XP percentage of total XP
 D = Non-vault monster count
 E = Vault monster count
 F = Vault count percentage of total count
                 A         B        C        D         E       F
            +---------+---------+-------+---------+---------+-------
      Total |      45 |       6 |  11.8 |      19 |       6 |  24.0
            +---------+---------+-------+---------+---------+-------
        D:1 |      43 |       6 |  12.2 |      18 |       6 |  25.0
        D:2 |       2 |       0 |   0.0 |       1 |       0 |   0.0
            +---------+---------+-------+---------+---------+-------
